 Dungeon Crawl Stone Soup version 0.13-a0-3159-gc5ce8eb (webtiles) character file.

77 Kae the Vexing (level 2, -1/13 HPs)
             Began as a Spriggan Enchanter on Sept 24, 2013.
             Slain by Terence
             ... wielding a +0,+0 short sword
              (7 damage)
             ... on Level 2 of the Dungeon.
             The game lasted 00:01:55 (784 turns).

Kae the Vexing (Spriggan Enchanter)                  Turns: 784, Time: 00:01:56

HP  -1/13        AC  3     Str  4      XL: 2   Next: 72%
MP   6/6         EV 20     Int 18      God:
Gold 54          SH  0     Dex 16      Spells:  1 memorised,  3 levels left

Res.Fire  : . . .   See Invis. : +   a - +1 dagger {=f}
Res.Cold  : . . .   Warding    : .   b - +1 robe
Life Prot.: . . .   Conserve   : .   (shield restricted)
Res.Poison: .       Res.Corr.  : .   (helmet restricted)
Res.Elec. : .       Clarity    : .   (no cloak)
Sust.Abil.: . .     Spirit.Shd : .   (gloves unavailable)
Res.Mut.  : .       Stasis     : .   (boots unavailable)
Res.Rott. : .       Flight     : .   (no amulet)
Saprovore : . . .                    (no ring)
                                     (no ring)

@: confused, very quick, somewhat resistant to hostile enchantments, unstealthy
A: unfitting armour, see invisible, breathe flames 1, herbivore 3, speed 3,
magic resistance 1, screaming 1, slow metabolism 2, EV +2, Int +2
a: Breathe Fire


You were on level 2 of the Dungeon.
You were not hungry.

You visited 1 branch of the dungeon, and saw 2 of its levels.

You collected 34 gold pieces.

Inventory:

Hand weapons
 a - a +1,+1 dagger (weapon) {=f}
Missiles
 d - 12 darts (quivered)
Armour
 b - a +1 robe (worn)
Comestibles
 h - a banana
Scrolls
 f - a scroll of noise {unknown}
 g - a scroll of remove curse {unknown}
 i - a scroll of fog {unknown}
 j - a scroll of identify {unknown}
Potions
 e - a potion of porridge
Books
 c - a book of Maledictions

   Spells                             Type                      Level
   *Corona                            Hexes                        1
   Sure Blade                         Hexes/Charms                 2
   Ensorcelled Hibernation            Hexes/Ice                    2
   Confuse                            Hexes                        3
   Enslavement                        Hexes                        4
   Invisibility                       Hexes                        6


   Skills:
 * Level 1.7 Short Blades
 - Level 1.1 Throwing
 - Level 3.0 Dodging
 * Level 3.8 Stealth
 + Level 1.7 Spellcasting
 + Level 4.1 Hexes


You had 3 spell levels left.
You knew the following spells:

 Your Spells              Type           Power        Failure   Level  Hunger
a - Corona                Hex            ###....      3%          1    #......


Dungeon Overview and Level Annotations

Branches:
Dungeon (2/27)

Altars:

Annotations:
D:2 Terence


Innate Abilities, Weirdness & Mutations

You are tiny and cannot use many weapons and most armour.
You have supernaturally acute eyesight.
You are a herbivore.
You cover ground extremely quickly.
You need consume almost no food.
You are surrounded by a mild repulsion field (EV +2).
You can breathe flames.
Your mind is acute. (Int +2)
You are resistant to hostile enchantments.
You occasionally shout uncontrollably.


Message History

Ouch! Terence misses you.
Terence zaps a wand.
You resist.
Ouch! Terence bares his teeth.
Ouch! Terence zaps a wand.
You are more confused.
You closely miss Terence.
Terence is lightly wounded.
Terence hits you but does no damage.
Ouch! Terence barely misses you.
Ouch! Terence completely misses you. Terence misses you.
You hit Terence but do no damage.
Terence is lightly wounded.
Terence closely misses you.
You hit Terence but do no damage.
Terence is lightly wounded.
Terence hits you with a short sword!
Ouch! That really hurt!
You die...

#.# #.# #.# #### ###.#
#.. ..!# #######.#
####..#######
#<......###.............
#.#.........##..#######
#.#.##...@@......##
#......######.....#
#####.##### ##...##
#.........# ##.##
#.......#.# #.#
#.###.#.#.# #.# #
#.#.#.# #+# ..#.#<#
#.##.##.#.#


You could see Terence.

Vanquished Creatures
  A ball python (D:1)
  2 bats (D:1)
  A giant cockroach (D:1)
  4 goblins (D:1)
  6 hobgoblins (D:1)
  3 kobolds (D:1)
  5 rats (D:1)
22 creatures vanquished.

Notes
Turn   | Place    | Note
--------------------------------------------------------------
     0 | D:1      | Kae, the Spriggan Enchanter, began the quest for the Orb.
     0 | D:1      | Reached XP level 1. HP: 9/9 MP: 4/4
    39 | D:1      | Gained mutation: You can breathe flames. [potion of mutation]
    39 | D:1      | Gained mutation: You are resistant to hostile enchantments. [potion of mutation]
    39 | D:1      | Gained mutation: You occasionally shout uncontrollably. [potion of mutation]
    46 | D:1      | Gained mutation: Your mind is acute. (Int +2) [potion of mutation]
    46 | D:1      | Gained mutation: You are surrounded by a mild repulsion field (EV +2). [potion of mutation]
   240 | D:1      | Reached XP level 2. HP: 7/13 MP: 4/6
   356 | D:1      | Reached skill level 4 in Hexes
   741 | D:2      | Noticed Terence
   784 | D:2      | Slain by Terence

Action                   || total
-------------------------++-------
Melee: Dagger            ||    65
 Cast: Corona            ||     2
  Use: Potion            ||     3
 Stab: Sleeping          ||     9
